 Dungeon Crawl Stone Soup version 0.26.1-11-gd32895ea62 (webtiles) character file.

Game seed: 12348658015508687256

29 DearestLeader the Caller (level 3, 0/24 HPs)
             Began as a Merfolk Summoner on Apr 22, 2021.
             Slain by a goblin (2 damage)
             ... led by Robin
             ... on level 2 of the Dungeon.
             The game lasted 00:02:28 (1726 turns).

DearestLeader the Caller (Merfolk Summoner)         Turns: 1726, Time: 00:02:29

Health: 0/24       AC:  2    Str:  8    XL:     3   Next: 16%
Magic:  1/6        EV: 13    Int: 15    God:
Gold:   12         SH:  0    Dex: 14    Spells: 3/6 levels left

rFire    . . .     SeeInvis .   n - +0 short sword (holy)
rCold    . . .     Faith    .   (no shield)
rNeg     . . .     Spirit   .   a - +0 robe
rPois    .         Reflect  .   (no helmet)
rElec    .         Harm     .   (no cloak)
rCorr    .         Rampage  .   (no gloves)
Will     .....                  (no boots)
Stlth    ++........             (no amulet)
HPRegen  0.08/turn              (no ring)
MPRegen  0.10/turn              (no ring)

@: no status effects
A: change form in water, swift swim, stealthy swim
a: no special abilities


You were on level 2 of the Dungeon.
You visited 1 branch of the dungeon, and saw 2 of its levels.

You collected 12 gold pieces.

Inventory:

Hand Weapons
 b - a +0 mace
 j - a +0 short sword
 n - a +0 short sword of holy wrath (weapon)
Missiles
 i - 5 curare-tipped darts (quivered)
Armour
 a - a +0 robe (worn)
Scrolls
 c - a scroll of teleportation {unknown}
 d - 2 scrolls of enchant weapon {unknown}
 f - a scroll of remove curse {unknown}
 k - a scroll of fear {unknown}
 m - a scroll of identify {unknown}
 o - a scroll of magic mapping {unknown}
Potions
 e - 2 potions of magic {unknown}
 g - a potion of invisibility {unknown}
 h - a potion of lignification {unknown}
 l - a potion of mutation {unknown}


   Skills:
 - Level 2.6 Dodging
 - Level 2.1 Stealth
 - Level 2.0 Spellcasting
 * Level 5.0 Summonings


You had 3 spell levels left.
You knew the following spells:

 Your Spells              Type           Power        Failure   Level
a - Summon Small Mammal   Summ           64%          2%          1
b - Call Imp              Summ           16%          4%          2

Your spell library contained the following spells:

 Spells                   Type           Power        Failure   Level
 Call Canine Familiar     Summ           16%          9%          3
 Summon Guardian Golem    Hex/Summ       9%           24%         3
 Summon Ice Beast         Ice/Summ       9%           61%         4
 Summon Lightning Spire   Summ/Air       9%           61%         4


Dungeon Overview and Level Annotations

Branches:
Dungeon (2/15)

Altars:

Annotations:
D:2 Robin


Message History

Your crimson imp hits the hobgoblin.
Something misses your crimson imp.
The hobgoblin closely misses your crimson imp.
Your crimson imp hits the hobgoblin.
The hobgoblin dies!
Your crimson imp hits the goblin.
The goblin dies!
Something hits your crimson imp.
Your crimson imp blinks! x2
You completely miss the goblin. The goblin completely misses you.
The goblin hits you.
You hit the goblin but do no damage. The goblin hits you.
* * * LOW HITPOINT WARNING * * *
Robin points. "Kill!"
Robin throws the goblin at you!
* * * LOW HITPOINT WARNING * * *
You hit the goblin.
The goblin is heavily wounded.
The goblin hits you.
You die...

##.................#
g#.#...........#...#
.#.#.####..........#
gg.#.# #........).#
..##.# ##.....##...#
#.5..# #......##...#
....####.###############
.#.gg#.).#########.....#
.......ยง)..g)..g@g....##
##.#..#############.###
##.##.##............#
.........############
.......### .......#
.......# .......#
.......#


You could see Robin and 2 goblins.

Vanquished Creatures
  A goblin (D:2)
  A hobgoblin (D:1)
  2 kobolds
  A bat (D:2)
  2 frilled lizards
  3 rats (D:1)
10 creatures vanquished.

Vanquished Creatures (collateral kills)
  2 adders (D:2)
  A dart slug (D:1)
  6 goblins (D:2)
  2 hobgoblins (D:2)
  A bat (D:2)
  A frilled lizard (D:2)
  A rat (D:2)
14 creatures vanquished.

Grand Total: 24 creatures vanquished

Notes
Turn   | Place    | Note
-------+----------+-------------------------------------------
     0 | D:1      | DearestLeader the Merfolk Summoner began the quest for the
                  | Orb.
     0 | D:1      | Reached XP level 1. HP: 13/13 MP: 3/3
   534 | D:1      | Reached XP level 2. HP: 6/19 MP: 3/5
   537 | D:1      | Learned a level 2 spell: Call Imp
  1683 | D:2      | Noticed Robin
  1693 | D:2      | Reached XP level 3. HP: 24/24 MP: 1/6
  1720 | D:2      | Reached skill level 5 in Summonings
  1726 | D:2      | Slain by a goblin

Illustrated notes

Levels and vault maps discovered:
D:1:      dpeg_arrival_tiny_i, layout_rooms, serial_bayou, serial_bayou_ford_a,
          serial_bayou_pond_d, serial_bayou_shore_b, serial_bayou_crossing,
          grunt_decor_mini_mirrors, hangedman_feature_mirror
D:2:      layout_rooms, elyvilon_altar_5, uniq_robin

Skill      XL: |  1  2  3 |
---------------+----------+-----
Summonings     | 5 |  5.0
Dodging        | |  2.6
Stealth        | |  2.1
Spellcasting   | |  2.0

Action                   || total
-------------------------++-------
Melee: Mace              ||    12
       Short sword       ||    22
 Cast: Summon Small Mamm ||     7
       Call Imp          ||     8
 Stab: Sleeping          ||     2
Armor: Robe              ||    13
Dodge: Dodged            ||    37
